[Event "4th Batumi Cup 2018"]
[Site "Batumi"]
[Date "2018.07.03"]
[Round "2"]
[White "Pantsulaia, Levan"]
[Black "Oboladze, Luka"]
[Result "1-0"]
[ECO "A11"]
[WhiteElo "2575"]
[BlackElo "2378"]
[Annotator "ChessBase"]
[PlyCount "87"]
[EventDate "2018.07.03"]
[EventType "swiss"]
[EventCountry "GEO"]
[SourceTitle "playchess.com"]
[Source "ChessBase"]
[SourceQuality "1"]
[TimeControl "40/5400+30:1800+30"]

1. Nf3 d5 2. g3 c6 3. Bg2 Bf5 4. O-O Nf6 5. c4 e6 6. d3 h6 7. Nc3 Be7 8. cxd5 exd5 9. Nd4 Bh7 10. e4 dxe4 11. dxe4 Nbd7 12. Re1 Ne5 13. Bf4 Nfd7 14. Qe2 O-O 15. Rad1 Qc7 16. Be3 Nb6 17. f4 Nec4 18. Bf2 Rfe8 19. e5 Rad8 20. Be4 Bxe4 21. Nxe4 Bb4 22. Rf1 Nxe5 23. fxe5 Qxe5 24. Nf3 Qe6 25. Rxd8 Rxd8 26. a3 Bf8 27. Nd4 Qg6 28. Nc3 Nd5 29. Nxd5 Rxd5 30. Qe8 Qd6 31. Be3 Qe7 32. Qxe7 Bxe7 33. Nf5 Bc5 34. Bxc5 Rxc5 35. Nd6 b5 36. Nxf7 Rc2 37. Ne5 c5 38. Rf2 Rc1+ 39. Kg2 c4 40. h4 h5 41. Nc6 a6 42. Nb4 a5 43. Nc6 c3 44. Nxa5 1-0

[Event "4th Batumi Cup 2018"]
[Site "Batumi"]
[Date "2018.07.03"]
[Round "2"]
[White "Sanikidze, Tornike"]
[Black "Suleymanli, Aydin"]
[Result "1/2-1/2"]
[ECO "A61"]
[WhiteElo "2512"]
[BlackElo "2266"]
[Annotator "ChessBase"]
[PlyCount "66"]
[EventDate "2018.07.03"]
[EventType "swiss"]
[EventCountry "GEO"]
[SourceTitle "playchess.com"]
[Source "ChessBase"]
[SourceQuality "1"]
[TimeControl "40/5400+30:1800+30"]

1. d4 Nf6 2. Nf3 c5 3. d5 e6 4. c4 exd5 5. cxd5 d6 6. Nc3 g6 7. Bf4 a6 8. a4 Bg7 9. h3 O-O 10. e3 Ne8 11. Be2 Qe7 12. O-O Nd7 13. Re1 Rb8 14. Nd2 Nc7 15. Qb3 Ne5 16. Nc4 Nxc4 17. Bxc4 b6 18. e4 Be5 19. Bxe5 Qxe5 20. Bf1 Bd7 21. Qd1 Rfe8 22. Qd2 g5 23. g3 b5 24. axb5 Nxb5 25. Rxa6 Nd4 26. Re3 Rb7 27. Bg2 Reb8 28. Ra2 Nb3 29. Qd1 Nd4 30. Qb1 h5 31. Qc1 g4 32. h4 Nb3 33. Qd1 Nd4 1/2-1/2

[Event "4th Batumi Cup 2018"]
[Site "Batumi"]
[Date "2018.07.03"]
[Round "2"]
[White "Quparadze, Giga"]
[Black "Garayev, Kanan"]
[Result "1-0"]
[ECO "C07"]
[WhiteElo "2503"]
[BlackElo "2300"]
[Annotator "ChessBase"]
[PlyCount "77"]
[EventDate "2018.07.03"]
[EventType "swiss"]
[EventCountry "GEO"]
[SourceTitle "playchess.com"]
[Source "ChessBase"]
[SourceQuality "1"]
[TimeControl "40/5400+30:1800+30"]

1. e4 e6 2. d4 d5 3. Nd2 c5 4. Ngf3 cxd4 5. Nxd4 Nc6 6. Bb5 Bd7 7. Nxc6 Bxc6 8. Bxc6+ bxc6 9. O-O Nf6 10. Qe2 Be7 11. c4 O-O 12. b3 a5 13. a3 dxe4 14. Nxe4 Qd4 15. Nxf6+ Bxf6 16. Rb1 Rfd8 17. Be3 Qd3 18. Qf3 a4 19. Rfd1 Qc2 20. Rdc1 Qa2 21. bxa4 Qxa3 22. Qxc6 Rdc8 23. Qb7 Qxa4 24. c5 Qc6 25. g3 g6 26. Rd1 Qxb7 27. Rxb7 Ra1 28. Rxa1 Bxa1 29. Kf1 Bg7 30. Ke2 Bf8 31. Rb5 Be7 32. Kd3 Kf8 33. Kc4 Ke8 34. Rb7 h5 35. Kb5 h4 36. c6 h3 37. Bc5 Bf6 38. Bd6 g5 39. g4 1-0

[Event "4th Batumi Cup 2018"]
[Site "Batumi"]
[Date "2018.07.03"]
[Round "2"]
[White "Tutisani, Noe"]
[Black "Tereladze, Sopiko"]
[Result "1-0"]
[ECO "D02"]
[WhiteElo "2469"]
[BlackElo "2169"]
[Annotator "ChessBase"]
[PlyCount "57"]
[EventDate "2018.07.03"]
[EventType "swiss"]
[EventCountry "GEO"]
[SourceTitle "playchess.com"]
[Source "ChessBase"]
[SourceQuality "1"]
[TimeControl "40/5400+30:1800+30"]

1. Nf3 Nf6 2. g3 d5 3. Bg2 c5 4. O-O Nc6 5. d4 cxd4 6. Nxd4 Bd7 7. c4 e5 8. Nxc6 Bxc6 9. cxd5 Bxd5 10. Qa4+ Qd7 11. Qxd7+ Kxd7 12. Rd1 Ke6 13. Bh3+ Ke7 14. Nc3 Bc6 15. a4 Ke8 16. Be3 a6 17. Nb5 Bb4 18. Nc7+ Ke7 19. Nxa8 Rxa8 20. Bg2 Nd7 21. Rdc1 Bxg2 22. Kxg2 Bd6 23. a5 f5 24. Rc4 Rf8 25. Rd1 h6 26. Bd2 Rf6 27. Bb4 Bxb4 28. Rxb4 Nc5 29. Rd5 1-0

[Event "4th Batumi Cup 2018"]
[Site "Batumi"]
[Date "2018.07.03"]
[Round "2"]
[White "Duzhakov, Ilya"]
[Black "Al Hosani, Omran"]
[Result "1-0"]
[ECO "D85"]
[WhiteElo "2448"]
[BlackElo "2089"]
[Annotator "NA"]
[PlyCount "149"]
[EventDate "2018.07.03"]
[EventType "swiss"]
[EventCountry "GEO"]
[SourceTitle "playchess.com"]
[Source "ChessBase"]
[SourceQuality "1"]
[TimeControl "40/5400+30:1800+30"]

1. d4 Nf6 2. c4 g6 3. Nc3 d5 4. cxd5 Nxd5 5. e4 Nxc3 6. bxc3 Bg7 7. Nf3 c5 8. Rb1 O-O 9. Be2 Nc6 10. d5 Bxc3+ 11. Bd2 Bxd2+ 12. Qxd2 Nd4 13. Nxd4 cxd4 14. Qxd4 Qa5+ 15. Qd2 Qxd2+ 16. Kxd2 Rd8 17. Ke3 e6 18. dxe6 Bxe6 19. Rxb7 Rdb8 20. Rxb8+ Rxb8 21. Ra1 Rb2 22. a3 Rb3+ 23. Kd2 Rb2+ 24. Ke1 Kf8 25. Rd1 Ke7 26. Rd4 Bd7 27. Rb4 Ra2 28. Rb3 a5 29. Bc4 Rc2 30. Bd5 f6 31. h4 h6 32. g3 a4 33. Re3 Kd6 34. f4 Kc5 35. Bf7 Kd4 36. Re2 Rxe2+ 37. Kxe2 Kxe4 38. Bxg6+ Kd4 39. Kd2 f5 40. Bh5 Bc6 41. Bd1 Ke4 42. Bh5 Kd4 43. Be2 Ke4 44. Bd1 Bd7 45. h5 Kd4 46. Be2 Ke4 47. Kc3 Ke3 48. Bd3 Kf3 49. Kd4 Kxg3 50. Ke5 Kg4 51. Be2+ Kg3 52. Bd1 Kh4 53. Kd6 Bb5 54. Ke6 Bd3 55. Kf6 Kg3 56. Ke5 Kh4 57. Bf3 Bc2 58. Be2 Kg3 59. Bb5 Kh4 60. Be8 Kg4 61. Bd7 Be4 62. Bxa4 Kxh5 63. Bd1+ Kg6 64. a4 h5 65. Be2 h4 66. Bf1 Kf7 67. Kd6 Kf6 68. a5 Bf3 69. a6 Be4 70. Bh3 Bd3 71. a7 Be4 72. Kc7 Bd5 73. Kb8 Ke6 74. a8=Q Bxa8 75. Kxa8 1-0

[Event "4th Batumi Cup 2018"]
[Site "Batumi"]
[Date "2018.07.03"]
[Round "2"]
[White "Bashirov, Teymur"]
[Black "Khomeriki, Nino"]
[Result "0-1"]
[ECO "A47"]
[WhiteElo "2379"]
[BlackElo "2257"]
[Annotator "NA"]
[PlyCount "78"]
[EventDate "2018.07.03"]
[EventType "swiss"]
[EventCountry "GEO"]
[SourceTitle "playchess.com"]
[Source "ChessBase"]
[SourceQuality "1"]
[TimeControl "40/5400+30:1800+30"]

1. d4 Nf6 2. Nf3 e6 3. e3 c5 4. Bd3 b6 5. b3 Bb7 6. Bb2 Be7 7. Nbd2 O-O 8. O-O Nc6 9. a3 Rc8 10. Qe2 d6 11. c4 h6 12. Rad1 Qc7 13. dxc5 bxc5 14. Bc2 Rfd8 15. Qd3 Kf8 16. e4 Ng4 17. e5 dxe5 18. Qh7 f5 19. Qg6 Nf6 20. Rfe1 Bd6 21. Nf1 Ne7 22. Qg3 Bxf3 23. Qxf3 e4 24. Qh3 Be5 25. Bxe5 Qxe5 26. Rxd8+ Rxd8 27. Qe3 Nc6 28. g3 Ng4 29. Qc1 Qc3 30. h3 Nd4 31. hxg4 Qxe1 32. Qe3 Qxe3 33. Nxe3 a5 34. gxf5 exf5 35. Bd1 g6 36. Kf1 Rb8 37. Nd5 Nxb3 38. Nc7 Ke7 39. Nb5 Nd2+ 0-1

[Event "4th Batumi Cup 2018"]
[Site "Batumi"]
[Date "2018.07.03"]
[Round "2"]
[White "Mgeladze, Tamaz"]
[Black "Levin, Evgeny A"]
[Result "1/2-1/2"]
[ECO "A30"]
[WhiteElo "2374"]
[BlackElo "2539"]
[Annotator "ChessBase"]
[PlyCount "40"]
[EventDate "2018.07.03"]
[EventType "swiss"]
[EventCountry "GEO"]
[SourceTitle "playchess.com"]
[Source "ChessBase"]
[SourceQuality "1"]
[TimeControl "40/5400+30:1800+30"]

1. c4 b6 2. Nf3 Bb7 3. g3 c5 4. Bg2 Nf6 5. Nc3 e6 6. O-O Be7 7. b3 O-O 8. Bb2 d6 9. Re1 Nbd7 10. e4 e5 11. d3 Re8 12. Nd2 Bf8 13. Nf1 g6 14. Ne3 Bg7 15. a3 Nf8 16. b4 Ne6 17. b5 Nd4 18. a4 a6 19. bxa6 Rxa6 20. Nb5 Ne6 1/2-1/2

[Event "4th Batumi Cup 2018"]
[Site "Batumi"]
[Date "2018.07.03"]
[Round "2"]
[White "Pogosyan, Stefan"]
[Black "Rahul Srivatshav P"]
[Result "1-0"]
[ECO "A15"]
[WhiteElo "2356"]
[BlackElo "2397"]
[Annotator "NA"]
[PlyCount "75"]
[EventDate "2018.07.03"]
[EventType "swiss"]
[EventCountry "GEO"]
[SourceTitle "playchess.com"]
[Source "ChessBase"]
[SourceQuality "1"]
[TimeControl "40/5400+30:1800+30"]

1. Nf3 Nf6 2. b3 g6 3. Bb2 Bg7 4. d4 O-O 5. e3 d6 6. Be2 Nbd7 7. O-O e5 8. c4 exd4 9. Nxd4 Re8 10. Nc3 Nc5 11. Nd5 Nxd5 12. cxd5 Bd7 13. Rc1 a5 14. a3 b6 15. b4 Ne4 16. Qc2 Ra7 17. Bd3 Nf6 18. e4 Ng4 19. bxa5 bxa5 20. h3 Ne5 21. Be2 g5 22. Bb5 Rb7 23. Bxd7 Qxd7 24. Bc3 a4 25. Nf5 Rb3 26. f4 gxf4 27. Rxf4 h5 28. Qf2 h4 29. Bxe5 Rxe5 30. Rg4 Rxf5 31. exf5 f6 32. Qa7 Rxa3 33. Qxc7 Qxc7 34. Rxc7 Ra1+ 35. Kh2 a3 36. Rgxg7+ Kf8 37. Rh7 Kg8 38. Rhd7 1-0

[Event "4th Batumi Cup 2018"]
[Site "Batumi"]
[Date "2018.07.03"]
[Round "2"]
[White "Chkhaidze, Nikoloz"]
[Black "Martynov, Roman"]
[Result "1/2-1/2"]
[ECO "E13"]
[WhiteElo "2337"]
[BlackElo "2366"]
[Annotator "NA"]
[PlyCount "205"]
[EventDate "2018.07.03"]
[EventType "swiss"]
[EventCountry "GEO"]
[SourceTitle "playchess.com"]
[Source "ChessBase"]
[SourceQuality "1"]
[TimeControl "40/5400+30:1800+30"]

1. d4 Nf6 2. c4 e6 3. Nc3 Bb4 4. Nf3 b6 5. Bg5 Bb7 6. e3 h6 7. Bh4 g5 8. Bg3 Ne4 9. Qc2 Bxc3+ 10. bxc3 d6 11. Bd3 f5 12. d5 Na6 13. Bxe4 fxe4 14. Qxe4 Qf6 15. Qxe6+ Qxe6 16. dxe6 Nc5 17. O-O Bxf3 18. gxf3 Nxe6 19. Kg2 Rf8 20. Rh1 Kd7 21. h4 Rf7 22. hxg5 hxg5 23. Rh6 Raf8 24. Rah1 Rxf3 25. Rg6 R8f7 26. Rhh6 Nc5 27. Bf4 Rxf2+ 28. Kxf2 gxf4 29. Kf3 fxe3+ 30. Kxe3 Kc6 31. Rg8 Re7+ 32. Kd2 Re4 33. Rh7 Rxc4 34. Rgg7 Na6 35. Kc2 Kb7 36. Rg6 Kc6 37. Rgg7 b5 38. Kb2 Kb6 39. Rg3 Nc5 40. Rgh3 Rg4 41. Rh2 a5 42. R7h4 Rg1 43. R4h3 Na4+ 44. Kc2 Ra1 45. Kd3 Rc1 46. Kd2 Ra1 47. Kd3 Nc5+ 48. Ke3 Kc6 49. Rh8 Rd1 50. Ke2 Ra1 51. Ke3 Na4 52. Kd3 Rc1 53. Rc2 Nc5+ 54. Kd2 Rg1 55. Rh3 Na4 56. Kd3 Nb6 57. Rch2 Ra1 58. Rh7 Nd5 59. Rf7 Rc1 60. Rc2 Rg1 61. Rcf2 Rg4 62. R7f3 Ra4 63. Rc2 Kc5 64. Kd2 Rh4 65. Kd3 Rh1 66. Rcf2 Nb6 67. Rf1 Rh2 68. R1f2 Rh4 69. Rf4 Rh3+ 70. R4f3 Rh6 71. Rf6 Rh4 72. R6f4 Rh1 73. Rf1 Rh3+ 74. R4f3 Rh8 75. Rf8 Rh2 76. R1f2 Rh1 77. Rf1 Rh2 78. R1f2 Rh4 79. R8f4 Rh3+ 80. R4f3 Rxf3+ 81. Rxf3 d5 82. Rf7 c6 83. Rf6 b4 84. Rf7 Na4 85. cxb4+ axb4 86. Rb7 Nb6 87. Kc2 Kb5 88. Kb3 c5 89. a4+ bxa3 90. Kxa3 c4 91. Rc7 d4 92. Kb2 d3 93. Rh7 Kb4 94. Rh4 Na4+ 95. Kc1 Kb3 96. Kd2 Nb2 97. Rd4 c3+ 98. Kc1 c2 99. Rd8 Kc3 100. Rc8+ Nc4 101. Rd8 Ne5 102. Rc8+ Kd4 103. Rxc2 1/2-1/2

[Event "4th Batumi Cup 2018"]
[Site "Batumi"]
[Date "2018.07.03"]
[Round "2"]
[White "Gvetadze, Sofio"]
[Black "Pourramezanali, Amirreza"]
[Result "0-1"]
[ECO "A13"]
[WhiteElo "2316"]
[BlackElo "2537"]
[Annotator "ChessBase"]
[PlyCount "86"]
[EventDate "2018.07.03"]
[EventType "swiss"]
[EventCountry "GEO"]
[SourceTitle "playchess.com"]
[Source "ChessBase"]
[SourceQuality "1"]
[TimeControl "40/5400+30:1800+30"]

1. c4 e6 2. Nf3 d5 3. g3 dxc4 4. Qa4+ Nd7 5. Bg2 a6 6. Qxc4 b5 7. Qc2 Bb7 8. O-O Ngf6 9. b3 Be7 10. Bb2 c5 11. d3 O-O 12. Nbd2 Qb6 13. Rac1 Rfd8 14. Qb1 Rac8 15. Qa1 Bf8 16. Rc2 Nd5 17. a3 Nb8 18. Rfc1 Nc6 19. d4 cxd4 20. Nxd4 Bxa3 21. Rxc6 Bxb2 22. Rxb6 Bxa1 23. Rxa1 Nxb6 24. Bxb7 Rc7 25. Bf3 Rxd4 26. Rxa6 Nc8 27. Ne4 h6 28. g4 Kf8 29. Ra8 Ke7 30. Rb8 f5 31. gxf5 exf5 32. Ng3 Nd6 33. Rg8 Kf7 34. Rd8 f4 35. e3 fxe3 36. fxe3 Rd2 37. Nf1 Rc1 38. Bg2 Nc4 39. bxc4 Rxd8 40. cxb5 Rb1 41. Kf2 Rxb5 42. Ng3 Rd2+ 43. Kf3 Rbb2 0-1

[Event "4th Batumi Cup 2018"]
[Site "Batumi"]
[Date "2018.07.03"]
[Round "2"]
[White "Sanchez, Louis"]
[Black "Mosadeghpour, Masoud"]
[Result "0-1"]
[ECO "D78"]
[WhiteElo "2290"]
[BlackElo "2531"]
[Annotator "ChessBase"]
[PlyCount "68"]
[EventDate "2018.07.03"]
[EventType "swiss"]
[EventCountry "GEO"]
[SourceTitle "playchess.com"]
[Source "ChessBase"]
[SourceQuality "1"]
[TimeControl "40/5400+30:1800+30"]

1. Nf3 Nf6 2. g3 g6 3. Bg2 Bg7 4. O-O O-O 5. d4 d5 6. Ne5 c6 7. c4 Be6 8. cxd5 Bxd5 9. Bh3 Nbd7 10. Nxd7 Nxd7 11. Nc3 Nb6 12. Qc2 f5 13. Rd1 Bf7 14. e4 fxe4 15. Nxe4 Qd5 16. Bg5 Rae8 17. Bg2 Qf5 18. h4 Bd5 19. Rac1 Qg4 20. b3 Rf7 21. Rd2 Ref8 22. Re1 h6 23. Be3 a5 24. Rde2 a4 25. Rd2 Kh8 26. Rde2 axb3 27. axb3 Nc8 28. Nc5 Bxg2 29. Kxg2 Nd6 30. Nd3 Nf5 31. Kh2 Nxh4 32. Nf4 Nf3+ 33. Kg2 Nxe1+ 34. Rxe1 Rxf4 0-1

[Event "4th Batumi Cup 2018"]
[Site "Batumi"]
[Date "2018.07.03"]
[Round "2"]
[White "Akhvlediani, Irakli"]
[Black "Smirnov, Pavel"]
[Result "0-1"]
[ECO "E06"]
[WhiteElo "2264"]
[BlackElo "2576"]
[Annotator "ChessBase"]
[PlyCount "94"]
[EventDate "2018.07.03"]
[EventType "swiss"]
[EventCountry "GEO"]
[SourceTitle "playchess.com"]
[Source "ChessBase"]
[SourceQuality "1"]
[TimeControl "40/5400+30:1800+30"]

1. d4 d5 2. c4 e6 3. Nf3 Nf6 4. g3 Be7 5. Bg2 O-O 6. O-O c6 7. Qc2 b6 8. Bf4 Nh5 9. Bc1 Nf6 10. Bf4 Bb7 11. Ne5 Nfd7 12. Rd1 Nxe5 13. dxe5 Na6 14. Nc3 Rc8 15. h4 b5 16. cxb5 cxb5 17. Qb1 Qb6 18. a4 bxa4 19. Be3 Qb3 20. Rd3 Qc4 21. Rd4 Qc7 22. Rdxa4 Nb4 23. Rxa7 Nc6 24. R7a4 Nxe5 25. Bf4 Rfd8 26. Nb5 Qb8 27. Ra7 Rd7 28. b4 Rc4 29. R1a4 Rxf4 30. gxf4 Nc6 31. f5 Nxa7 32. fxe6 Nxb5 33. exd7 Nc3 34. Qc2 Nxa4 35. Qxa4 Qc7 36. Bh3 Bxh4 37. Qa7 g6 38. Qe3 Kg7 39. b5 Bf6 40. Qe8 Qc1+ 41. Kg2 Qg5+ 42. Kf1 d4 43. f3 d3 44. exd3 Bxf3 45. Kf2 Qf4 46. d8=Q Bxd8 47. Qxd8 Bg4+ 0-1

[Event "4th Batumi Cup 2018"]
[Site "Batumi"]
[Date "2018.07.03"]
[Round "2"]
[White "Mammadova, Narmin"]
[Black "Nigmatov, Ortik"]
[Result "0-1"]
[ECO "A46"]
[WhiteElo "2209"]
[BlackElo "2461"]
[Annotator "ChessBase"]
[PlyCount "90"]
[EventDate "2018.07.03"]
[EventType "swiss"]
[EventCountry "GEO"]
[SourceTitle "playchess.com"]
[Source "ChessBase"]
[SourceQuality "1"]
[TimeControl "40/5400+30:1800+30"]

1. d4 Nf6 2. Nf3 b5 3. e3 a6 4. Bd3 Bb7 5. Nbd2 d5 6. c3 e6 7. Ne5 Nbd7 8. f4 Bd6 9. Qf3 c5 10. O-O g6 11. Qh3 Ne4 12. Ndf3 Qe7 13. Bd2 c4 14. Bc2 Nb6 15. Be1 O-O-O 16. Nd2 f6 17. Nef3 h6 18. Nxe4 dxe4 19. Nd2 f5 20. b3 g5 21. bxc4 Nxc4 22. Nxc4 bxc4 23. Bg3 Qe8 24. Be1 Rg8 25. Rb1 Bd5 26. Bd1 Kc7 27. Be2 Qg6 28. g3 Qf6 29. Qg2 h5 30. Bd1 h4 31. Qc2 gxf4 32. exf4 hxg3 33. hxg3 Qh4 34. Qg2 Qh6 35. Rb2 Rg7 36. a4 Rdg8 37. a5 Kc8 38. Ra2 e3 39. Bf3 Bxf4 40. Bxd5 Bxg3 41. Bxg3 Rxg3 42. Bxc4 Rxg2+ 43. Rxg2 Rxg2+ 44. Kxg2 e5 45. Be2 e4 0-1

[Event "4th Batumi Cup 2018"]
[Site "Batumi"]
[Date "2018.07.03"]
[Round "2"]
[White "Martynyuk, Elizaveta"]
[Black "Lomsadze, Davit"]
[Result "0-1"]
[ECO "C55"]
[WhiteElo "2182"]
[BlackElo "2348"]
[Annotator "NA"]
[PlyCount "76"]
[EventDate "2018.07.03"]
[EventType "swiss"]
[EventCountry "GEO"]
[SourceTitle "playchess.com"]
[Source "ChessBase"]
[SourceQuality "1"]
[TimeControl "40/5400+30:1800+30"]

1. e4 e5 2. Nf3 Nc6 3. Bc4 Nf6 4. d3 h6 5. O-O d6 6. c3 g6 7. Re1 Bg7 8. d4 Qe7 9. Nbd2 O-O 10. Nb3 Bd7 11. Qc2 Rae8 12. a4 a6 13. dxe5 Nxe5 14. Nxe5 Qxe5 15. Bd2 g5 16. f3 g4 17. f4 Qh5 18. g3 Re7 19. Bd3 Rfe8 20. Nd4 c5 21. Nf5 Bxf5 22. exf5 d5 23. Rxe7 Rxe7 24. Re1 Ne4 25. Be3 c4 26. Bxc4 dxc4 27. Bc5 Nxc5 28. Rxe7 Nd3 29. Rxb7 Qxf5 30. Qe2 Qd5 31. Qe7 Nc5 32. Rb8+ Kh7 33. Rd8 Qf5 34. Qe2 Nxa4 35. Qxc4 Nxb2 36. Qxa6 Qc5+ 37. Kg2 Qxc3 38. Qe2 Qc6+ 0-1

[Event "4th Batumi Cup 2018"]
[Site "Batumi"]
[Date "2018.07.03"]
[Round "2"]
[White "Khalaji, Hanieh"]
[Black "Sattarov, Bobir"]
[Result "0-1"]
[ECO "C68"]
[WhiteElo "2146"]
[BlackElo "2328"]
[Annotator "NA"]
[PlyCount "100"]
[EventDate "2018.07.03"]
[EventType "swiss"]
[EventCountry "GEO"]
[SourceTitle "playchess.com"]
[Source "ChessBase"]
[SourceQuality "1"]
[TimeControl "40/5400+30:1800+30"]

1. e4 e5 2. Nf3 Nc6 3. Bb5 a6 4. Bxc6 dxc6 5. Nc3 Bg4 6. h3 Bh5 7. d3 f6 8. Be3 c5 9. Ne2 b6 10. g4 Bf7 11. Ng3 Qd7 12. Qe2 Ne7 13. g5 O-O-O 14. O-O-O Qa4 15. a3 Nc6 16. Kb1 Nd4 17. Nxd4 cxd4 18. Bc1 fxg5 19. Qg4+ Rd7 20. Qxg5 Qb5 21. Ka1 Qc6 22. Kb1 Qb5 23. Ka1 a5 24. Qg4 h5 25. Qf5 g6 26. Qf6 Rg8 27. Nf1 Bg7 28. Qf3 Qc6 29. Qe2 a4 30. Nh2 Rgd8 31. Bg5 Qe6 32. c4 dxc3 33. bxc3 Re8 34. Qc2 Qd6 35. Qxa4 Kb7 36. Qb4 Qe6 37. c4 Qxh3 38. Be3 Bf8 39. c5 Qe6 40. Qb2 Red8 41. Nf3 Rxd3 42. Rxd3 Rxd3 43. Ng5 Qb3 44. Nxf7 Qxf7 45. Rc1 Qe6 46. a4 Kc8 47. Rc3 Rd1+ 48. Rc1 Rxc1+ 49. Qxc1 Qc6 50. Qc4 Bxc5 0-1

[Event "4th Batumi Cup 2018"]
[Site "Batumi"]
[Date "2018.07.03"]
[Round "2"]
[White "Stepanyan, Eva"]
[Black "Sindarov, Javokhir"]
[Result "0-1"]
[ECO "A42"]
[WhiteElo "2096"]
[BlackElo "2474"]
[Annotator "ChessBase"]
[PlyCount "56"]
[EventDate "2018.07.03"]
[EventType "swiss"]
[EventCountry "GEO"]
[SourceTitle "playchess.com"]
[Source "ChessBase"]
[SourceQuality "1"]
[TimeControl "40/5400+30:1800+30"]

1. d4 g6 2. c4 Bg7 3. Nc3 d6 4. e4 Nc6 5. Be3 e5 6. d5 Nce7 7. Bd3 f5 8. f3 Nf6 9. Nge2 O-O 10. O-O f4 11. Bf2 g5 12. b4 Ng6 13. c5 Rf7 14. cxd6 cxd6 15. a4 Bf8 16. a5 g4 17. Kh1 Rg7 18. Nb5 Nh5 19. fxg4 Bxg4 20. h3 Bd7 21. Ng1 Qg5 22. Nf3 Qh6 23. Nh2 Ng3+ 24. Bxg3 fxg3 25. Nf3 Nf4 26. Kg1 Bxh3 27. Ra2 Bxg2 28. Re1 Qh1# 0-1

[Event "4th Batumi Cup 2018"]
[Site "Batumi"]
[Date "2018.07.04"]
[Round "3"]
[White "Smirnov, Pavel"]
[Black "Mgeladze, Tamaz"]
[Result "1-0"]
[ECO "E63"]
[WhiteElo "2576"]
[BlackElo "2374"]
[Annotator "ChessBase"]
[PlyCount "125"]
[EventDate "2018.07.03"]
[EventType "swiss"]
[EventCountry "GEO"]
[SourceTitle "playchess.com"]
[Source "ChessBase"]
[SourceQuality "1"]
[TimeControl "40/5400+30:1800+30"]

1. d4 Nf6 2. c4 g6 3. g3 Bg7 4. Bg2 O-O 5. Nc3 d6 6. Nf3 Nc6 7. O-O Rb8 8. Re1 a6 9. Rb1 Bf5 10. e4 Bg4 11. Be3 Re8 12. Qd3 e5 13. d5 Bxf3 14. Bxf3 Nd4 15. Bg2 c5 16. dxc6 bxc6 17. b4 Nd7 18. a3 Qc7 19. Rec1 Rb7 20. Ne2 c5 21. Nc3 Nb6 22. Nd5 Nxd5 23. cxd5 a5 24. Bf1 axb4 25. axb4 Reb8 26. bxc5 Rxb1 27. Rxb1 Rxb1 28. Qxb1 dxc5 29. Qa2 h6 30. Qa8+ Kh7 31. Bc4 Qd6 32. h4 Bf6 33. Qe8 Kg7 34. Kg2 Qd8 35. Qxd8 Bxd8 36. d6 h5 37. f4 exf4 38. Bxf4 Kf8 39. e5 Ba5 40. Kf2 Ne6 41. Bh6+ Ke8 42. Ke3 Be1 43. Kf3 Bc3 44. Ke4 Be1 45. Kd5 Bxg3 46. Bb5+ Kd8 47. Bd2 Bxh4 48. Ba5+ Kc8 49. Be8 Nd8 50. Bxd8 Kxd8 51. Bxf7 Bg5 52. Bxg6 h4 53. Bf5 Ke8 54. e6 c4 55. Kxc4 h3 56. Bxh3 Bh4 57. Kd5 Bg5 58. Bg4 Kd8 59. Bh5 Bh4 60. Ke4 Bg5 61. Kf5 Bh4 62. Kg6 Bg3 63. e7+ 1-0

[Event "4th Batumi Cup 2018"]
[Site "Batumi"]
[Date "2018.07.04"]
[Round "3"]
[White "Pourramezanali, Amirreza"]
[Black "Khomeriki, Nino"]
[Result "1/2-1/2"]
[ECO "D05"]
[WhiteElo "2537"]
[BlackElo "2257"]
[Annotator "ChessBase"]
[PlyCount "74"]
[EventDate "2018.07.03"]
[EventType "swiss"]
[EventCountry "GEO"]
[SourceTitle "playchess.com"]
[Source "ChessBase"]
[SourceQuality "1"]
[TimeControl "40/5400+30:1800+30"]

1. d4 Nf6 2. Nf3 d5 3. e3 c5 4. c3 Nc6 5. Bd3 Bg4 6. O-O e6 7. Nbd2 Bd6 8. dxc5 Bxc5 9. e4 O-O 10. Qc2 Rc8 11. e5 Nd7 12. h3 Bxf3 13. Nxf3 h6 14. Qe2 Qc7 15. b4 Bb6 16. Re1 f6 17. exf6 Rxf6 18. Be3 Rcf8 19. b5 Nce5 20. Nxe5 Qxe5 21. Bxb6 Qxe2 22. Rxe2 axb6 23. Rd1 Nc5 24. Bc2 Ra8 25. c4 dxc4 26. Rd4 Kf8 27. Bd1 Ra5 28. Rxc4 Rxb5 29. Rd2 Ke7 30. Bf3 Rf7 31. Bxb7 Nxb7 32. Rc7+ Kf6 33. Rxf7+ Kxf7 34. Rd7+ Kf6 35. Rxb7 Ra5 36. Rxb6 Rxa2 37. g3 Ra3 1/2-1/2

[Event "4th Batumi Cup 2018"]
[Site "Batumi"]
[Date "2018.07.04"]
[Round "3"]
[White "Mosadeghpour, Masoud"]
[Black "Lomsadze, Davit"]
[Result "1/2-1/2"]
[ECO "C76"]
[WhiteElo "2531"]
[BlackElo "2348"]
[Annotator "ChessBase"]
[PlyCount "117"]
[EventDate "2018.07.03"]
[EventType "swiss"]
[EventCountry "GEO"]
[SourceTitle "playchess.com"]
[Source "ChessBase"]
[SourceQuality "1"]
[TimeControl "40/5400+30:1800+30"]

1. e4 e5 2. Nf3 Nc6 3. Bb5 a6 4. Ba4 d6 5. c3 Bd7 6. O-O g6 7. d4 Bg7 8. Bg5 f6 9. Be3 Nh6 10. Re1 O-O 11. h3 Kh8 12. Nbd2 Nf7 13. Nf1 Qe7 14. Ng3 Rad8 15. Rc1 Bh6 16. Bxh6 Nxh6 17. Qd2 Nf7 18. Bc2 Ng5 19. Nh2 Na5 20. Bd3 b5 21. b4 Nc4 22. Bxc4 bxc4 23. Qe2 Bb5 24. Ra1 exd4 25. a4 d3 26. Qa2 Bc6 27. Qxc4 d2 28. Red1 Bb7 29. Rxd2 Nxe4 30. Re2 d5 31. Qd4 Qg7 32. Qa7 Ba8 33. Re3 c5 34. Qxg7+ Kxg7 35. bxc5 f5 36. Ne2 f4 37. Rf3 g5 38. Nd4 Nxc5 39. h4 h6 40. g4 Rc8 41. hxg5 hxg5 42. Rh3 Rh8 43. Rxh8 Rxh8 44. Nhf3 Kf6 45. Rb1 Nxa4 46. Rb4 Nxc3 47. Rb6+ Ke7 48. Rxa6 Ne4 49. Ne5 Rc8 50. Nf5+ Kd8 51. Ra7 Rc1+ 52. Kg2 Bc6 53. Ne7 Bb5 54. Nxd5 Kc8 55. Ra2 Rc5 56. Kf3 Nd6 57. Rd2 Kb7 58. Nxf4 Rxe5 59. Rxd6 1/2-1/2

[Event "4th Batumi Cup 2018"]
[Site "Batumi"]
[Date "2018.07.04"]
[Round "3"]
[White "Maghalashvili, Davit"]
[Black "Jumabayev, Rinat"]
[Result "0-1"]
[ECO "A30"]
[WhiteElo "2508"]
[BlackElo "2594"]
[Annotator "ChessBase"]
[PlyCount "66"]
[EventDate "2018.07.03"]
[EventType "swiss"]
[EventCountry "GEO"]
[SourceTitle "playchess.com"]
[Source "ChessBase"]
[SourceQuality "1"]
[TimeControl "40/5400+30:1800+30"]

1. Nf3 c5 2. c4 Nc6 3. g3 Nf6 4. Bg2 d5 5. cxd5 Nxd5 6. d4 Nb6 7. dxc5 Qxd1+ 8. Kxd1 Na4 9. b3 Nxc5 10. Bb2 Bf5 11. Nbd2 Rd8 12. Ke1 f6 13. Nh4 Bd7 14. Ne4 e5 15. Rc1 Nxe4 16. Bxe4 Bb4+ 17. Bc3 Ba3 18. Rd1 Nb4 19. Bb1 Rc8 20. Bxb4 Bxb4+ 21. Kf1 Bh3+ 22. Kg1 Kf7 23. Bf5 Rhd8 24. Ra1 Bxf5 25. Nxf5 Rc2 26. Kg2 Rxe2 27. Rac1 Ba5 28. Rhd1 Rxd1 29. Rxd1 Bb6 30. g4 g6 31. Nd6+ Ke6 32. Nc8 Bd4 33. Rc1 Kd7 0-1